 Dungeon Crawl Stone Soup version 0.22.1-6-g1668fe2c40 (webtiles) character file.

371 LabCoat the Cudgeler (level 7, -5/79 HPs)
             Began as a Human Berserker on Jan 21, 2019.
             Was a Believer of Trog.
             Killed by divine providence
             ... invoked by an orc priest
              (17 damage)
             ... on level 4 of the Dungeon.
             The game lasted 00:22:10 (3283 turns).

LabCoat the Cudgeler (Human Berserker)              Turns: 3283, Time: 00:22:11

Health: -5/79      AC:  9    Str: 21 (23) XL:     7   Next: 2%
Magic:  7/7        EV: 11    Int:  2 (5)  God:    Trog [**....]
Gold:   89         SH:  0    Dex: 11 (14) Spells: 6/6 levels left

rFire    . . .     SeeInvis .   a - +1 mace
rCold    . . .     Gourm    .   (no shield)
rNeg     . . .     Faith    .   k - +0 scale mail
rPois    .         Spirit   .   (no helmet)
rElec    .         Reflect  .   p - +2 cloak
rCorr    .         Harm     .   (no gloves)
MR       +....                  (no boots)
Stlth    ..........             (no amulet)
HPRegen  0.23/turn              (no ring)
MPRegen  0.10/turn              (no ring)

@: berserking, very quick
A: talons 1, dopey 1, magic resistance 1, sense surroundings 1
a: Berserk, Trog's Hand, Renounce Religion


You were on level 4 of the Dungeon.
You worshipped Trog.
Trog was pleased with you.
You were hungry.

You visited 1 branch of the dungeon, and saw 4 of its levels.

You collected 89 gold pieces.

Inventory:

Hand Weapons
 a - a +1 mace (weapon)
 d - a +0 hunting sling
 r - a +0 blowgun
Missiles
 j - 21 bolts
 l - 19 stones (quivered)
 m - 3 javelins
 n - 2 tomahawks
 o - 19 sling bullets
 s - 12 poisoned needles
Armour
 k - a +0 scale mail (worn)
 p - a +2 cloak (worn)
Wands
 h - a wand of polymorph (21)
Scrolls
 e - 2 scrolls of teleportation
 f - 2 scrolls of enchant weapon
 g - 2 scrolls of identify
 i - 4 scrolls of remove curse
 q - 2 scrolls of amnesia {unknown}
Comestibles
 c - 4 rations


   Skills:
 + Level 3.7 Fighting
 * Level 6.2 Maces & Flails
 * Level 0.3 Slings
 + Level 2.1 Armour
 * Level 3.3 Dodging
 + Level 0.4 Stealth


You had 6 spell levels left.
You didn't know any spells.
Your spell library was empty.

Dungeon Overview and Level Annotations

Branches:
Dungeon (4/15)
 Temple: D:4-7

Altars:
Kikubaaqudgha
Okawaru
The Shining One


Innate Abilities, Weirdness & Mutations

You have sharp toenails.
You are dopey. (Int -2)
You are resistant to hostile enchantments. (MR+)
You passively map a small area around you.


Message History

The giant cockroach barely misses you. The orc hits you. The orc misses you.
You closely miss the orc. Your kick misses the orc.
The orc is moderately wounded.
The giant cockroach bites you but does no damage.
The orc closely misses you. The orc hits you but does no damage.
You barely miss the orc.
The orc is moderately wounded.
The giant cockroach bites you but does no damage.
The orc priest calls down the wrath of Beogh upon you.
Beogh smites you!
* * * LOW HITPOINT WARNING * * *
You thump the orc!
You kill the orc!
Trog accepts your kill.
The giant cockroach bites you but does no damage.
You hit the orc. Your kick misses the orc.
The orc is moderately wounded.
The orc priest invokes the aid of Beogh against you.
Beogh smites you!
You die...

.#.....##...>. ,
.#............. *
* *#..............
, *
#.............. ,
#............ *, ,
#.......... ,, ,,
#........########
#......<.s@o....#
##......oo#oo.#..#
##...............
* #####..........⌠
,............$ *
..=...#...#..# ,
.............## *
*###...######## ,
,


You could see an orc priest, 4 orcs and a giant cockroach.

Vanquished Creatures
  Sigmund (D:2)
  2 orc priests (D:3)
  An orc wizard (D:3)
  5 adders
  An ooze (D:1)
  A worm (D:2)
  3 dart slugs
  3 leopard geckos
  7 orcs
  9 bats
  3 giant cockroaches
  4 goblins
  7 hobgoblins
  4 frilled lizards
  8 kobolds
  10 rats
69 creatures vanquished.

Notes
Turn   | Place    | Note
-------+----------+-------------------------------------------
     0 | D:1      | LabCoat the Human Berserker began the quest for the Orb.
     0 | D:1      | Reached XP level 1. HP: 18/18 MP: 1/1
   106 | D:1      | Reached XP level 2. HP: 19/24 MP: 2/2
   374 | D:1      | Gained mutation: You are resistant to hostile enchantments.
                  | (MR+) [potion of mutation]
   374 | D:1      | Gained mutation: You are dopey. (Int -2) [potion of
                  | mutation]
   374 | D:1      | Gained mutation: You have sharp toenails. [potion of
                  | mutation]
   374 | D:1      | Gained mutation: You passively map a small area around you.
                  | [potion of mutation]
   535 | D:1      | Reached XP level 3. HP: 29/29 MP: 3/3
   937 | D:2      | Reached skill level 4 in Maces & Flails
  1102 | D:2      | Reached ** piety under Trog
  1102 | D:2      | Reached XP level 4. HP: 35/35 MP: 4/4
  1606 | D:2      | Noticed Sigmund
  1633 | D:2      | Killed Sigmund
  1633 | D:2      | Reached skill level 5 in Maces & Flails
  1633 | D:2      | Reached XP level 5. HP: 41/41 MP: 5/5
  1633 | D:2      | Reached XP level 6. HP: 47/47 MP: 6/6
  2433 | D:3      | Reached skill level 6 in Maces & Flails
  2452 | D:3      | Found an iron altar of Okawaru.
  2646 | D:3      | Found a glowing golden altar of the Shining One.
  2699 | D:3      | Reached XP level 7. HP: 53/53 MP: 7/7
  3140 | D:3      | Found an ancient bone altar of Kikubaaqudgha.
  3283 | D:4      | Killed from afar by an orc priest

Skill      XL: |  1  2  3  4  5  6 |
---------------+-------------------+-----
Maces & Flails | 4 5 6 |  6.2
Dodging        | 3 |  3.3
Fighting       | |  3.7
Slings         | |  0.3
Armour         | |  2.1
Stealth        | |  0.4

Action                   |  1- 3 |  4- 6 |  7- 9 || total
-------------------------+-------+-------+-------++-------
Melee: Mace              |    69 |    88 |    25 ||   182
       Kick              |     9 |    29 |     1 ||    39
Invok: Trog's Hand       |       |     2 |       ||     2
       Berserk           |       |     1 |     1 ||     2
  Use: Potion            |     3 |     1 |     3 ||     7
       Scroll            |     5 |     5 |       ||    10
 Stab: Sleeping          |     2 |     1 |       ||     3
  Eat: Chunk             |     1 |     3 |     2 ||     6
       Ration            |       |     1 |       ||     1
Armor: Animal skin       |    17 |     5 |       ||    22
       Scale mail        |       |    12 |    14 ||    26
Dodge: Dodged            |    54 |    63 |    22 ||   139
